 Dungeon Crawl Stone Soup version 0.27.1-33-g824d729ab1 (webtiles) character file.

Game seed: 4933271369096664674

49 zeram the Poker (level 3, -18/29 HPs)
             Began as a Merfolk Fighter on Dec 20, 2021.
             Demolished by an ogre (27 damage)
             ... on level 1 of the Dungeon.
             The game lasted 00:01:47 (770 turns).

zeram the Poker (Merfolk Fighter)                    Turns: 770, Time: 00:01:47

Health: -18/29     AC:  7    Str: 17    XL:     3   Next: 77%
Magic:  3/3        EV:  9    Int:  7    God:
Gold:   37         SH:  5    Dex: 13    Spells: 2/2 levels left

rFire    . . .     SeeInvis .   a - +0 trident
rCold    . . .     Faith    .   e - +0 buckler
rNeg     . . .     Spirit   .   b - +0 scale mail
rPois    .         Reflect  .   (no helmet)
rElec    .         Harm     .   (no cloak)
rCorr    .         Rampage  .   h - +0 pair of gloves
Will     .....                  (no boots)
Stlth    ..........             (no amulet)
HPRegen  0.09/turn              (no ring)
MPRegen  0.08/turn              (no ring)

@: mighty
A: (nimble swimmer 2), mertail
a: no special abilities


You were on level 1 of the Dungeon.
You visited 1 branch of the dungeon, and saw 2 of its levels.

You collected 37 gold pieces.

Inventory:

Hand Weapons
 a - a +0 trident (weapon)
Armour
 b - a +0 scale mail (worn)
 c - a +0 kite shield
 e - a +0 buckler (worn)
 h - a +0 pair of gloves (worn)
Potions
 f - a potion of heal wounds
 g - a potion of flight {unknown}
 i - a potion of haste {unknown}


   Skills:
 - Level 3.2 Fighting
 + Level 3.9 Polearms
 + Level 2.4 Armour
 + Level 0.3 Dodging
 * Level 3.9 Shields


You had 2 spell levels left.
You didn't know any spells.
Your spell library was empty.

Dungeon Overview and Level Annotations

Branches:
Dungeon (2/15)

Altars:

Shops:
D:1 (


Innate Abilities, Weirdness & Mutations

((You are quick and stealthy near water. (Stealth+, EV+, Speed+++)))
Your lower body shifts to a powerful aquatic tail in water.


Message History

No target in view!
No target in view!
No target in view!
No target in view!
No target in view!
i - a glowing puce potion An ogre comes into view.
It is wielding a +0 giant club.
Found a leather armour and 21 arrows.
The ogre shouts!
You hear a shout!
A frilled lizard comes into view.
There are monsters nearby!
There are monsters nearby!
There are monsters nearby!
A hobgoblin comes into view.
Found 12 arrows and a scroll labelled UDIQ IHIECRENE.
The frilled lizard hisses angrily.
The hobgoblin shouts!
An adder comes into view.
You barely miss the hobgoblin.
The adder hisses angrily.
The hobgoblin barely misses you.
You feel very mighty all of a sudden. The ogre hits you with a +0 giant club!
Ouch! That really hurt!
You are too injured to fight recklessly!
Unknown command.
You puncture the ogre!
The ogre is moderately wounded.
You puncture the ogre!
The ogre is heavily wounded.
The ogre hits you with a +0 giant club.
* * * LOW HITPOINT WARNING * * *
There is a stone staircase leading up here.
The ogre barely misses you.
You climb upwards.
There is a stone staircase leading down here.
You puncture the ogre!
The ogre is almost dead.
The ogre hits you with a +0 giant club!!
Ouch! That really hurt!
You die...

................#
####.#
.......######.#.#
#)...#
##..............#
#.####
#..............######.#
#...............#.....#
#...............#.#####
#......†..........###
#..............O....#
#...........##.@###[#
#...................#
#..................####
##########............#
#.........##.#
#............#
##########.### #.#
############.#


You could see an ogre.

Vanquished Creatures
  2 adders (D:2)
  2 dart slugs (D:1)
  2 endoplasms (D:1)
  3 giant cockroaches
  A goblin (D:2)
  3 hobgoblins (D:1)
  4 jackals (D:1)
  A kobold (D:1)
  A quokka (D:1)
  4 bats
23 creatures vanquished.

Notes
Turn   | Place    | Note
-------+----------+-------------------------------------------
     0 | D:1      | zeram the Merfolk Fighter began the quest for the Orb.
     0 | D:1      | Reached XP level 1. HP: 18/18 MP: 1/1
    57 | D:1      | Found Huepy's Antique Weapon Emporium.
   124 | D:1      | Reached XP level 2. HP: 22/24 MP: 2/2
   416 | D:1      | Reached XP level 3. HP: 29/29 MP: 3/3
   748 | D:2      | Noticed an ogre
   770 | D:1      | Demolished by an ogre

Illustrated notes

Levels and vault maps discovered:
D:1:      mrwooster_arrival_statue_3, layout_basic, serial_shops,
          nicolae_shop_statue_plus
D:2:      layout_basic, minmay_tetromino_o4

Action                   || total
-------------------------++-------
Melee: Trident           ||    99
  Use: Scroll            ||     3
       Potion            ||     1
Armor: Scale mail        ||    51
Dodge: Dodged            ||    35
Block: Kite shield       ||    40
       Buckler           ||     5
